 Dungeon Crawl Stone Soup version 0.30-a0-652-gcc886f7154 (webtiles) character file.

Game seed: 14174295727319605074

121 OTABOTABOTAB the Shooter (level 5, 0/32 HPs)
             Began as a Kobold Hunter on Jan 18, 2023.
             Slain by Crazy Yiuf
             ... wielding a +4 quarterstaff of chaos
              (8 damage)
             ... on level 2 of the Dungeon.
             The game lasted 00:02:04 (1748 turns).

OTABOTABOTAB the Shooter (Kobold Hunter)            Turns: 1748, Time: 00:02:04

Health: 0/32       AC:  3    Str:  9    XL:     5   Next: 26%
Magic:  4/5        EV: 15    Int: 10    God:
Gold:   92         SH:  0    Dex: 20    Spells: 4/4 levels left

rFire   . . .      SeeInvis .    a - +0 shortbow
rCold   . . .      Faith    .    (shield currently unavailable)
rNeg    . . .      Spirit   .    c - +0 leather armour
rPois   .          Reflect  .    (no helmet)
rElec   .          Harm     .    (no cloak)
rCorr   .          Rampage  .    (no gloves)
Will    .....                    (no boots)
Stlth   +++                      j - amulet of the acrobat
HPRegen 0.25/turn                (no ring)
MPRegen 0.09/turn                (no ring)

@: lethally poisoned (0 -> -5)
A: small, no large weapons, nightstalker 3
a: no special abilities


You were on level 2 of the Dungeon.
You visited 1 branch of the dungeon, and saw 2 of its levels.

You collected 92 gold pieces.

Inventory:

Hand Weapons
 a - a +0 shortbow (weapon)
Missiles
 n - 9 poisoned darts
 s - 15 stones
Armour
 c - a +0 leather armour (worn)
 d - a +0 pair of boots
   (You found it on level 1 of the Dungeon)
Jewellery
 j - an amulet of the acrobat (around neck)
   (You found it on level 2 of the Dungeon)
Wands
 p - a wand of paralysis (8)
   (You found it on level 2 of the Dungeon)
Scrolls
 b - a scroll of blinking {unknown}
 e - a scroll of teleportation {unknown}
 f - 3 scrolls of identify {unknown}
 g - a scroll of magic mapping {unknown}
 h - a scroll of fog {unknown}
 i - a scroll of torment {unknown}
 K - 2 scrolls of immolation {!r}
Potions
 k - 2 potions of invisibility {unknown}
 l - a potion of cancellation {unknown}
 m - 2 potions of lignification {unknown}
 o - a potion of berserk rage {unknown}


   Skills:
 + Level 3.3 Fighting
 * Level 6.9 Ranged Weapons
 + Level 3.6 Dodging
 - Level 1.3 Stealth


You had 4 spell levels left.
You didn't know any spells.
Your spell library was empty.

Dungeon Overview and Level Annotations

Branches:
Dungeon (2/15)

Altars:

Annotations:
D:2 Crazy Yiuf


Innate Abilities, Weirdness & Mutations

You are small and have problems with some larger weapons.
You are completely attuned to the shadows.


Message History

You kill the adder!
No target in view!
No target in view!
No target in view!
o - a murky dark potion No target in view!
No target in view!
No target in view!
No target in view!
No target in view!
You enter the shallow water.
Moving in this stuff is going to be slow.
Jessica the Apprentice Sorceress comes into view.
She is wielding a +0 dagger.
Jessica shouts!
You hear a shout!
A bat comes into view.
The bat moves out of view.
You shoot an arrow. The arrow hits Jessica!
You kill Jessica!
You hear a splash. x2
You have reached level 5!
You feel stronger.
Health restored: 32; MP restored: 5 You shoot an arrow.
The arrow hits the bat.
You kill the bat!
No target in view!
No target in view!
A kobold comes into view. It is wielding a +0 short sword.
A kobold is nearby!
You shoot an arrow. The arrow completely misses the kobold.
You shoot an arrow. The arrow barely misses the kobold.
You shoot an arrow. The arrow hits the kobold.
You kill the kobold!
You hear a splash.
No target in view!
No target in view!
Things that are here:
a +0 short sword; a bat corpse You enter the shallow water.
Moving in this stuff is going to be slow.
A kobold comes into view. It is wielding a +0 dagger.
A kobold is nearby!
You shoot an arrow. The arrow hits the kobold.
The kobold shouts!
You shoot an arrow. The arrow closely misses the kobold.
You shoot an arrow.
The arrow hits the kobold but does no damage.
The kobold hits you with a +0 dagger.
You take 1 damage, and have 31/32 hp.
You shoot an arrow.
The arrow hits the kobold but does no damage.
The kobold closely misses you.
You shoot an arrow. The arrow barely misses the kobold.
The kobold completely misses you.
You shoot an arrow. The arrow hits the kobold.
The kobold closely misses you.
You shoot an arrow. The arrow hits the kobold!
You kill the kobold!
Health restored: 32 No target in view!
No target in view!
Unknown command.
No target in view!
You see here a +0 dagger.
k - 2 smoky sapphire potions (gained 1)
n - 9 poisoned darts (gained 4)
You see here a +0 short sword.
No target in view!
No target in view!
You see here a +0 dagger.
You enter the shallow water.
Moving in this stuff is going to be slow.
There is an escape hatch in the ceiling here.
Could not explore, unopened runed door.
No reachable target in view!
You open the door. You shoot an arrow. The arrow closely misses Crazy Yiuf.
Crazy Yiuf shouts!
You shoot an arrow. The arrow closely misses Crazy Yiuf.
Crazy Yiuf grits, "Buddy!"
Crazy Yiuf barely misses you.
You shoot an arrow. The arrow hits Crazy Yiuf.
Crazy Yiuf closely misses you.
You shoot an arrow. The arrow hits Crazy Yiuf.
Crazy Yiuf closely misses you.
You shoot an arrow. The arrow closely misses Crazy Yiuf.
Crazy Yiuf hits you with a +4 quarterstaff of chaos.
You feel your power leaking away.
You take 3 damage, and have 29/32 hp.
You now have 4/5 mp.
You shoot an arrow. The arrow barely misses Crazy Yiuf.
Crazy Yiuf barely misses you.
You shoot an arrow. The arrow hits Crazy Yiuf!
Crazy Yiuf flaps his cloak.
Crazy Yiuf hits you with a +4 quarterstaff of chaos! x2
You are poisoned.
You take 19 damage, and have 11/32 hp.
MASSIVE DAMAGE!!
Fire: a) +0 shortbow
Aim: Crazy Yiuf, wielding a +4 quarterstaff of chaos and wearing a +0 cloak (almost dead, 69% to hit)
You shoot an arrow. The arrow completely misses Crazy Yiuf.
* * * LOW HITPOINT WARNING * * *
You feel very sick.
Crazy Yiuf hits you with a +4 quarterstaff of chaos!
You die...

#..#
#.###.................
#<.# #.#
#..##########.....
##..# #.# #..# ##.....
#...# ### #### #......
#..## ####...... #..#
######## #.........
##..###.#..#.### ##
##.#.<####
#...........#..##...
#.....#
#...#......####@g...
#.#...# #.......#.##
###..) #....#####
#.#.####### ##
##........ #.#.#
###.##### #.#.#
#.##### #.#.# #####
#......
#.#.#######...#
#######
#............## #
###.########># #####


You could see Crazy Yiuf.

Vanquished Creatures
  Jessica (D:2)
  A gnoll (D:1)
  2 adders (D:2)
  A worm (D:2)
  2 dart slugs
  5 ball pythons
  4 bats (D:2)
  8 endoplasms
  A giant cockroach (D:1)
  4 goblins (D:1)
  4 hobgoblins (D:1)
  7 jackals
  2 quokkas
  5 frilled lizards
  4 kobolds
  3 rats (D:1)
54 creatures vanquished.

Vanquished Creatures (others)
  4 plants (D:2)
4 creatures vanquished.

Grand Total: 58 creatures vanquished

Notes
Turn   | Place    | Note
-------+----------+-------------------------------------------
     0 | D:1      | OTABOTABOTAB the Kobold Hunter began the quest for the Orb.
     0 | D:1      | Reached XP level 1. HP: 12/12 MP: 1/1
   232 | D:1      | Reached XP level 2. HP: 18/18 MP: 2/2
   337 | D:1      | Reached XP level 3. HP: 22/22 MP: 3/3
   569 | D:1      | Reached skill level 6 in Ranged Weapons
   626 | D:1      | Reached skill level 3 in Dodging
   875 | D:2      | Reached XP level 4. HP: 18/27 MP: 4/4
  1073 | D:2      | Reached skill level 3 in Fighting
  1310 | D:2      | Found a runed translucent door.
  1313 | D:2      | Noticed Crazy Yiuf
  1566 | D:2      | Noticed Jessica
  1567 | D:2      | Killed Jessica
  1568 | D:2      | Reached XP level 5. HP: 32/32 MP: 5/5
  1748 | D:2      | HP: 8/32 [poisoned by Crazy Yiuf]
  1748 | D:2      | Slain by Crazy Yiuf

Illustrated notes

Levels and vault maps discovered:
D:1:      dpeg_arrival_castle, layout_loops_ring
D:2:      layout_loops_ring, minmay_tree_intersection, serial_bayou_ford_a,
          uniq_crazy_yiuf_cottage, uniq_jessica

Skill      XL: |  1  2  3  4 |
---------------+-------------+-----
Ranged Weapons | 6 |  6.9
Dodging        | 3 |  3.6
Fighting       | 3 |  3.3
Stealth        | |  1.3

Action                   |  1- 3 |  4- 6 || total
-------------------------+-------+-------++-------
 Fire: Shortbow          |    81 |    56 ||   137
Armor: Leather armour    |    20 |     5 ||    25
Dodge: Dodged            |    45 |    14 ||    59

Table legend: (Time is in decaauts)
 A = Elapsed time spent in this place.
 B = Non-inter-level travel time spent in this place.
 C = Inter-level travel time spent in this place.
 D = Time resting spent in this place.
 E = Time spent auto-exploring this place.
 F = Levels seen in this place.
 G = Mean time per level.
                   A        B        C        D        E       F      G
               +--------+--------+--------+--------+--------+-----+--------+
         Total |   1792 |   1776 |     16 |      0 |   1531 |   2 |  896.0 |
       Dungeon |   1792 |   1776 |     16 |      0 |   1531 |   2 |  896.0 |
               +--------+--------+--------+--------+--------+-----+--------+

Top non-repeatable levels by time:
     D:2: 913 daAuts
     D:1: 878 daAuts

Table legend:
 A = Kills in this place as a percentage of kills in entire the game.
 B = Kills by you in this place as a percentage of kills by you in the entire game.
 C = Kills by friends in this place as a percentage of kills by friends in the entire game.
 D = Other kills in this place as a percentage of other kills in the entire game.
 E = Experience gained in this place as a percentage of experience gained in the entire game.
 F = Experience gained in this place divided by the number of levels of this place that you have seen.
                   A       B       C       D       E      F
               +-------+-------+-------+-------+-------+----------------------
         Total | 100.0 | 100.0 |   N/A |   N/A | 100.0 |  86.5
       Dungeon | 100.0 | 100.0 |   N/A |   N/A | 100.0 |  86.5
               +-------+-------+-------+-------+-------+----------------------
